[Event "GambitGuide"]
[Site "Internet Chess Club"]
[Date "2014.10.31"]
[Round "1"]
[White "JSBach"]
[Black "ljj8503"]
[Result "1-0"]
[ICCResult "Black forfeits on time"]
[WhiteElo "1651"]
[BlackElo "1404"]
[Opening "Vienna: `Frankenstein-Dracula' variation"]
[ECO "C27"]
[NIC "VG.02"]
[Time "21:40:47"]
[TimeControl "120+12"]

1. e4 e5 2. Nc3 Nf6 3. Bc4 Nxe4 4. Qh5 Nd6 5. Bb3 Nc6 6. Nb5 g6 7. Qf3 f5 8.
Qd5 Qe7 9. Nxc7+ Kd8 10. Nxa8 b6 11. d3 Bb7 12. Nxb6 axb6 13. Qf3 Nd4 14.
Qh3 e4 15. Be3 exd3 16. O-O-O dxc2 17. Rxd4 Ne4 18. Ba4 Nc5 19. Bxc2 Bh6 20.
Qxh6 Ne4 21. Rc4 Bc6 22. Bxe4 Qxe4 23. Bxb6+ Ke7 24. Rxe4+ Bxe4 25. Qg7+ Ke6
26. Qxh8 {Black forfeits on time} 1-0

[Event "GambitGuide"]
[Site "Internet Chess Club"]
[Date "2014.10.31"]
[Round "1"]
[White "JSBach"]
[Black "kmvw"]
[Result "1-0"]
[ICCResult "Black checkmated"]
[WhiteElo "1651"]
[BlackElo "1212"]
[Opening "Vienna: `Frankenstein-Dracula' variation"]
[ECO "C27"]
[NIC "VG.02"]
[Time "21:44:36"]
[TimeControl "120+12"]

1. e4 e5 2. Nc3 Nf6 3. Bc4 Nxe4 4. Qh5 Nd6 5. Bb3 Nc6 6. Nb5 g6 7. Qf3 f5 8.
Qd5 Qe7 9. Nxc7+ Kd8 10. Nxa8 b6 11. d3 Qe6 12. Qxe6 dxe6 13. f3 f4 14. Ba4
Bb7 15. Nxb6 axb6 16. Bd2 Be7 17. Kd1 Ke8 18. Bb4 Kf7 19. Bc3 Nf5 20. Bxc6
Ne3+ 21. Kd2 Nxg2 22. Bxb7 Rd8 23. Bxe5 Bc5 24. Be4 Be3+ 25. Ke2 Rc8 26. c3
Rb8 27. Bxb8 b5 28. Bc6 b4 29. cxb4 Bd4 30. Rb1 Ne3 31. Bxf4 Nc2 32. b5 Nb4
33. a4 Nxc6 34. bxc6 Bb6 35. c7 Bxc7 36. Bxc7 Kf6 37. Bd6 e5 38. a5 Ke6 39.
a6 Kxd6 40. a7 Kd5 41. a8=Q+ Kd4 42. Rc1 h5 43. Qe4# {Black checkmated} 1-0

[Event "GambitGuide"]
[Site "Internet Chess Club"]
[Date "2014.10.31"]
[Round "1"]
[White "JSBach"]
[Black "luckypawns"]
[Result "0-1"]
[ICCResult "White checkmated"]
[WhiteElo "1651"]
[BlackElo "1817"]
[Opening "Vienna: `Frankenstein-Dracula' variation"]
[ECO "C27"]
[NIC "VG.02"]
[Time "21:44:25"]
[TimeControl "120+12"]

1. e4 e5 2. Nc3 Nf6 3. Bc4 Nxe4 4. Qh5 Nd6 5. Bb3 Nc6 6. Nb5 g6 7. Qf3 f5 8.
Qd5 Qe7 9. Nxc7+ Kd8 10. Nxa8 b6 11. d3 Bb7 12. Nxb6 axb6 13. Qf3 Nd4 14.
Qg3 Bg7 15. Bg5 Bf6 16. Bxf6 Qxf6 17. Ba4 b5 18. Bb3 h5 19. c3 g5 20. cxd4
f4 21. Qh3 g4 22. Rc1 gxh3 23. Nxh3 Bxg2 24. Kd2 Bxh3 25. dxe5 Qxe5 26. Rc3
Re8 27. Rc2 b4 28. Rd1 f3 29. Rh1 Nb5 30. Bc4 Nd4 31. Kc1 Ne2+ 32. Kd2 Qf4+
33. Kd1 Qh4 34. Bf7 Re7 35. Rc4 Qf6 36. Bxh5 Qxb2 37. Bxf3 Nc3+ 38. Rxc3
bxc3 39. a4 c2+ 40. Kd2 c1=Q# {White checkmated} 0-1

[Event "GambitGuide"]
[Site "Internet Chess Club"]
[Date "2014.10.31"]
[Round "1"]
[White "JSBach"]
[Black "croder"]
[Result "1-0"]
[ICCResult "Black checkmated"]
[WhiteElo "1651"]
[BlackElo "1604"]
[Opening "Vienna: `Frankenstein-Dracula' variation"]
[ECO "C27"]
[NIC "VG.02"]
[Time "21:44:45"]
[TimeControl "120+12"]

1. e4 e5 2. Nc3 Nf6 3. Bc4 Nxe4 4. Qh5 Nd6 5. Bb3 Nc6 6. Nb5 g6 7. Qf3 f5 8.
Qd5 Qe7 9. Nxc7+ Kd8 10. Nxa8 b6 11. d3 Bb7 12. Nxb6 axb6 13. Qf3 Kc7 14.
Bd2 Qf6 15. Be3 h6 16. Bd5 Ne7 17. Bxb7 Nxb7 18. c3 Nd6 19. Qa8 Bg7 20. Qa7+
Nb7 21. Nf3 Nc6 22. Bxb6+ Kc8 23. Qa6 e4 24. dxe4 fxe4 25. Qa8+ Nb8 26. Bd4
Qf7 27. Be5 d6 28. Bxg7 Qxg7 29. Nd4 d5 30. Rd1 Rf8 31. Ne6 Qf7 32. Nxf8
Qxf8 33. Rxd5 Qf4 34. O-O g5 35. a4 g4 36. g3 Qf3 37. Rfd1 h5 38. R1d4 h4
39. Rc4+ Nc5 40. Rcxc5# {Black checkmated} 1-0

[Event "GambitGuide"]
[Site "Internet Chess Club"]
[Date "2014.10.31"]
[Round "1"]
[White "JSBach"]
[Black "luckypawns"]
[Result "0-1"]
[ICCResult "White checkmated"]
[WhiteElo "1651"]
[BlackElo "1817"]
[Opening "Vienna: `Frankenstein-Dracula' variation"]
[ECO "C27"]
[NIC "VG.02"]
[Time "21:46:08"]
[TimeControl "120+12"]

1. e4 e5 2. Nc3 Nf6 3. Bc4 Nxe4 4. Qh5 Nd6 5. Bb3 Nc6 6. Nb5 g6 7. Qf3 f5 8.
Qd5 Qe7 9. Nxc7+ Kd8 10. Nxa8 b6 11. d3 Bb7 12. Nxb6 axb6 13. Qf3 Nd4 14.
Qg3 Bg7 15. Bg5 Bf6 16. Bxf6 Qxf6 17. Ba4 b5 18. Bb3 h5 19. c3 g5 20. cxd4
f4 21. Qh3 g4 22. Rc1 gxh3 23. Nxh3 Bxg2 24. Rg1 Bxh3 25. d5 Re8 26. a4 e4
27. d4 Qxd4 28. Rc3 e3 29. fxe3 Rxe3+ 30. Rxe3 Qxe3+ 31. Kd1 Qxb3+ 32. Kc1
Nc4 33. Rg8+ Kc7 34. d6+ Kxd6 35. Rg6+ Kc7 36. Rg2 Bxg2 37. axb5 Qxb2+ 38.
Kd1 Qd2# {White checkmated} 0-1

[Event "GambitGuide"]
[Site "Internet Chess Club"]
[Date "2014.10.31"]
[Round "1"]
[White "JSBach"]
[Black "Alturia7"]
[Result "1-0"]
[ICCResult "Black resigns"]
[WhiteElo "1651"]
[BlackElo "2384"]
[Opening "Vienna: `Frankenstein-Dracula' variation"]
[ECO "C27"]
[NIC "VG.02"]
[Time "21:46:02"]
[TimeControl "120+12"]

1. e4 e5 2. Nc3 Nf6 3. Bc4 Nxe4 4. Qh5 Nd6 5. Bb3 Nc6 6. Nb5 g6 7. Qf3 f5 8.
Qd5 Qe7 9. Nxc7+ Kd8 10. Nxa8 b6 11. d3 Nd4 12. f4 Bg7 13. fxe5 Bxe5 14. Kd1
Bf6 15. Bf4 {Black resigns} 1-0

[Event "GambitGuide"]
[Site "Internet Chess Club"]
[Date "2014.10.31"]
[Round "1"]
[White "JSBach"]
[Black "littleplotkin"]
[Result "0-1"]
[ICCResult "White checkmated"]
[WhiteElo "1651"]
[BlackElo "2224"]
[Opening "Vienna: `Frankenstein-Dracula' variation"]
[ECO "C27"]
[NIC "VG.02"]
[Time "21:45:06"]
[TimeControl "120+12"]

1. e4 e5 2. Nc3 Nf6 3. Bc4 Nxe4 4. Qh5 Nd6 5. Bb3 Nc6 6. Nb5 g6 7. Qf3 f5 8.
Qd5 Qe7 9. Nxc7+ Kd8 10. Nxa8 b6 11. d3 Nb4 12. Bg5 Nxd5 13. Bxe7+ Nxe7 14.
d4 exd4 15. O-O-O Bg7 16. g4 Bb7 17. f3 fxg4 18. Nxb6 axb6 19. Ne2 Bxf3 20.
Rhe1 Nef5 21. Rd2 Bh6 22. Kd1 Ne3+ 23. Kc1 Ng2 24. Rg1 Be3 25. Nxd4 Bxg1 26.
Nxf3 gxf3 27. Rxd6 Be3+ 28. Kd1 Nf4 29. Ba4 f2 30. Bb5 Kc8 31. h4 Re8 32. a3
Re6 33. Rxe6 dxe6 34. Bf1 h6 35. Ba6+ Kd7 36. b4 g5 37. hxg5 hxg5 38. Bf1 g4
39. Bb5+ Kd6 40. Ba6 g3 41. Bf1 e5 42. c3 e4 43. a4 Kc7 44. a5 bxa5 45. bxa5
Kb7 46. c4 Bc5 47. a6+ Kxa6 48. Kd2 e3+ 49. Kd1 e2+ 50. Bxe2 g2 51. Kd2 g1=Q
52. Bd3 Nxd3 53. Kxd3 f1=Q+ 54. Kc2 Qg3 55. Kb2 Qff2+ 56. Kc1 Qgg1#
{White checkmated}
0-1

[Event "GambitGuide"]
[Site "Internet Chess Club"]
[Date "2014.10.31"]
[Round "1"]
[White "JSBach"]
[Black "SPARNALIQ"]
[Result "1-0"]
[ICCResult "Black checkmated"]
[WhiteElo "1651"]
[BlackElo "2808"]
[Opening "Vienna: `Frankenstein-Dracula' variation"]
[ECO "C27"]
[NIC "VG.02"]
[Time "21:45:20"]
[TimeControl "120+12"]

1. e4 e5 2. Nc3 Nf6 3. Bc4 Nxe4 4. Qh5 Nd6 5. Bb3 Nc6 6. Nb5 g6 7. Qf3 f5 8.
Qd5 Qe7 9. Nxc7+ Kd8 10. Nxa8 b6 11. d3 Bb7 12. Nxb6 axb6 13. Qf3 Kc7 14. c3
Bg7 15. Bd5 Re8 16. Qh3 e4 17. d4 Qf6 18. Bf4 Kc8 19. Bxd6 Qxd6 20. Qxh7 Qf6
21. Qh3 e3 22. fxe3 Qg5 23. Kf2 f4 24. e4 Rh8 25. Nf3 Qf6 26. Qg4 Na5 27. e5
Qf8 28. Bxb7+ Nxb7 29. Qxg6 Nd8 30. Qxb6 Ne6 31. d5 Qf5 32. dxe6 Qc2+ 33.
Kg1 Rg8 34. exd7+ Kxd7 35. Qb7+ Ke6 36. Nd4+ Kxe5 37. Qe7+ Kd5 38. Qe6+ Kc5
39. Qc6# {Black checkmated} 1-0

[Event "GambitGuide"]
[Site "Internet Chess Club"]
[Date "2014.10.31"]
[Round "1"]
[White "JSBach"]
[Black "croder"]
[Result "1-0"]
[ICCResult "Black resigns"]
[WhiteElo "1651"]
[BlackElo "1604"]
[Opening "Vienna: `Frankenstein-Dracula' variation"]
[ECO "C27"]
[NIC "VG.02"]
[Time "21:46:18"]
[TimeControl "120+12"]

1. e4 e5 2. Nc3 Nf6 3. Bc4 Nxe4 4. Qh5 Nd6 5. Bb3 Nc6 6. Nb5 g6 7. Qf3 f5 8.
Qd5 Qe7 9. Nxc7+ Kd8 10. Nxa8 b6 11. d3 Bb7 12. Nxb6 axb6 13. Qf3 Kc7 14.
Be3 Qf6 15. Bd5 Ne7 16. Bxb7 Nxb7 17. d4 e4 18. Qe2 Nc6 19. Qd2 h6 20. Ne2
g5 21. Nc3 Bb4 22. Nd5+ Kb8 23. Nxf6 Bxd2+ 24. Kxd2 d5 25. Nxd5 Rd8 26. Nxb6
Rd6 27. Nc4 Re6 28. d5 Re8 29. dxc6 Nd6 30. Nxd6 Rd8 31. Bc5 Kc7 32. Kc3
Rxd6 33. Bxd6+ Kxd6 34. a4 Kxc6 35. b4 Kb7 36. Kd4 Ka7 37. Ke5 f4 38. Kxe4
g4 39. Kxf4 h5 40. h3 gxh3 41. Rxh3 h4 42. c4 {Black resigns} 1-0

[Event "GambitGuide"]
[Site "Internet Chess Club"]
[Date "2014.10.31"]
[Round "1"]
[White "JSBach"]
[Black "SlippinAway"]
[Result "1-0"]
[ICCResult "Black resigns"]
[WhiteElo "1651"]
[BlackElo "2064"]
[Opening "Vienna: `Frankenstein-Dracula' variation"]
[ECO "C27"]
[NIC "VG.02"]
[Time "21:45:53"]
[TimeControl "120+12"]

1. e4 e5 2. Nc3 Nf6 3. Bc4 Nxe4 4. Qh5 Nd6 5. Bb3 Nc6 6. Nb5 g6 7. Qf3 f5 8.
Qd5 Qe7 9. Nxc7+ Kd8 10. Nxa8 b6 11. d3 Bb7 12. Nxb6 axb6 13. Qf3 Na5 14.
Qg3 Nxb3 15. axb3 Bg7 16. Bg5 Bf6 17. Be3 Kc7 18. Bh6 e4 19. Ne2 exd3 20.
cxd3 Re8 21. Rc1+ Kb8 22. O-O Be5 23. Bf4 Nf7 24. Qh3 Bxf4 25. Nxf4 Qd6 26.
Qxh7 Qxf4 27. Qxf7 Rd8 28. Qxg6 Bd5 29. Qxb6+ {Black resigns} 1-0

[Event "GambitGuide"]
[Site "Internet Chess Club"]
[Date "2014.10.31"]
[Round "1"]
[White "JSBach"]
[Black "Alturia7"]
[Result "0-1"]
[ICCResult "White checkmated"]
[WhiteElo "1651"]
[BlackElo "2384"]
[Opening "Vienna: `Frankenstein-Dracula' variation"]
[ECO "C27"]
[NIC "VG.02"]
[Time "21:47:04"]
[TimeControl "120+12"]

1. e4 e5 2. Nc3 Nf6 3. Bc4 Nxe4 4. Qh5 Nd6 5. Bb3 Nc6 6. Nb5 g6 7. Qf3 f5 8.
Qd5 Qe7 9. Nxc7+ Kd8 10. Nxa8 b6 11. d3 e4 12. dxe4 Bb7 13. e5 Nxe5 14. Bg5
Nf3+ 15. Kf1 Nxg5 16. Qd4 Bg7 17. Qa4 Nge4 18. Rd1 Re8 19. Ne2 Nc5 20. Qh4
Qxh4 21. Rxd6 Qg4 22. f3 Bxf3 23. gxf3 Qxf3+ 24. Kg1 Rxe2 25. Rxd7+ Nxd7 26.
Bc4 Rg2# {White checkmated} 0-1

[Event "GambitGuide"]
[Site "Internet Chess Club"]
[Date "2014.10.31"]
[Round "1"]
[White "JSBach"]
[Black "luckypawns"]
[Result "1-0"]
[ICCResult "Black resigns"]
[WhiteElo "1651"]
[BlackElo "1817"]
[Opening "Vienna: `Frankenstein-Dracula' variation"]
[ECO "C27"]
[NIC "VG.02"]
[Time "21:46:48"]
[TimeControl "120+12"]

1. e4 e5 2. Nc3 Nf6 3. Bc4 Nxe4 4. Qh5 Nd6 5. Bb3 Nc6 6. Nb5 g6 7. Qf3 f5 8.
Qd5 Qe7 9. Nxc7+ Kd8 10. Nxa8 b6 11. d3 Bb7 12. Nxb6 axb6 13. Qf3 Nd4 14.
Qg3 Bg7 15. Bg5 Bf6 16. Bxf6 Qxf6 17. Ba4 b5 18. Bb3 h5 19. c3 h4 20. Qh3
Nxb3 21. axb3 g5 22. f3 Re8 23. Ne2 e4 24. fxe4 fxe4 25. Rf1 Qh6 26. d4 Rg8
27. Qe3 Qe6 28. Ra3 Nf5 29. Qd2 e3 30. Qd3 Bc6 31. Qxf5 Qxf5 32. Rxf5
{Black resigns}
1-0

[Event "GambitGuide"]
[Site "Internet Chess Club"]
[Date "2014.10.31"]
[Round "1"]
[White "JSBach"]
[Black "croder"]
[Result "1-0"]
[ICCResult "Black resigns"]
[WhiteElo "1651"]
[BlackElo "1604"]
[Opening "Vienna: `Frankenstein-Dracula' variation"]
[ECO "C27"]
[NIC "VG.02"]
[Time "21:47:14"]
[TimeControl "120+12"]

1. e4 e5 2. Nc3 Nf6 3. Bc4 Nxe4 4. Qh5 Nd6 5. Bb3 Nc6 6. Nb5 g6 7. Qf3 f5 8.
Qd5 Qe7 9. Nxc7+ Kd8 10. Nxa8 b6 11. d3 Bb7 12. Nxb6 axb6 13. Qf3 Kc7 14.
Bd2 Qf6 15. Be3 h6 16. Bd5 Ne7 17. Bxb7 Nxb7 18. c3 d5 19. Ne2 Nd6 20. d4 e4
21. Qf4 g5 22. Qe5 Qxe5 23. dxe5 Nc4 24. h4 Nxe3 25. fxe3 Nc6 26. Rf1 Nxe5
27. hxg5 Nd3+ 28. Kd2 hxg5 29. Rxf5 Kc6 30. Nd4+ Kb7 31. Rxg5 Bc5 32. Rxd5
Bxd4 33. Rxd4 Nxb2 34. Rxe4 b5 35. Rb1 Rd8+ 36. Ke2 Kb6 37. Rxb2 {Black
resigns} 1-0

[Event "GambitGuide"]
[Site "Internet Chess Club"]
[Date "2014.10.31"]
[Round "1"]
[White "JSBach"]
[Black "littleplotkin"]
[Result "1-0"]
[ICCResult "Black checkmated"]
[WhiteElo "1651"]
[BlackElo "2224"]
[Opening "Vienna: `Frankenstein-Dracula' variation"]
[ECO "C27"]
[NIC "VG.02"]
[Time "21:47:11"]
[TimeControl "120+12"]

1. e4 e5 2. Nc3 Nf6 3. Bc4 Nxe4 4. Qh5 Nd6 5. Bb3 Nc6 6. Nb5 g6 7. Qf3 f5 8.
Qd5 Qe7 9. Nxc7+ Kd8 10. Nxa8 b6 11. d3 Nb4 12. Bg5 Nxd5 13. Bxe7+ Nxe7 14.
d4 exd4 15. O-O-O Bg7 16. g4 Bb7 17. f3 Bxa8 18. h3 Rf8 19. Re1 fxg4 20.
hxg4 h6 21. Rh3 g5 22. Kb1 Ng6 23. Kc1 Nf4 24. Rh1 b5 25. a4 bxa4 26. Bxa4
Nc4 27. Rh2 Ne3 28. Rd2 Kc7 29. Rxe3 dxe3 30. Rxd7+ Kb6 31. Rxg7 e2 32. Kd2
Rd8+ 33. Rd7 Re8 34. Rd6+ Kc5 35. Bxe8 Kxd6 36. Bb5 Ke5 37. Bxe2 Nxe2 38.
Kxe2 Kd4 39. c3+ Kc4 40. Kd1 Kb3 41. Kc1 a5 42. Ne2 Kc4 43. Nd4 Kd3 44. Kd1
Ke3 45. Kc2 Bxf3 46. Nxf3 Kxf3 47. b4 axb4 48. cxb4 Ke4 49. b5 Kd5 50. Kb3
Kc5 51. Ka4 Kb6 52. Kb4 h5 53. gxh5 g4 54. h6 g3 55. h7 g2 56. h8=Q g1=Q 57.
Qb8# {Black checkmated} 1-0

[Event "GambitGuide"]
[Site "Internet Chess Club"]
[Date "2014.10.31"]
[Round "1"]
[White "JSBach"]
[Black "Svinotigr"]
[Result "0-1"]
[ICCResult "White checkmated"]
[WhiteElo "1651"]
[BlackElo "1757"]
[Opening "Vienna: `Frankenstein-Dracula' variation"]
[ECO "C27"]
[NIC "VG.02"]
[Time "21:42:54"]
[TimeControl "120+12"]

1. e4 e5 2. Nc3 Nf6 3. Bc4 Nxe4 4. Qh5 Nd6 5. Bb3 Nc6 6. Nb5 g6 7. Qf3 f5 8.
Qd5 Qe7 9. Nxc7+ Kd8 10. Nxa8 b6 11. d3 Bb7 12. Nxb6 axb6 13. Qf3 Nd4 14.
Qg3 Bg7 15. Bg5 Bf6 16. Bxf6 Qxf6 17. Ba4 b5 18. Bb3 f4 19. Qg4 h5 20. Qh3
g5 21. f3 g4 22. fxg4 hxg4 23. Qxg4 N6f5 24. a4 Ne3 25. Qh3 Bxg2 26. Qxg2
Nxg2+ 27. Kf2 Nxb3 28. cxb3 e4 29. Ra2 f3 30. dxe4 Rf8 31. h4 Qd4+ 32. Kg3
Qxe4 33. Ra1 Rg8+ 34. Kf2 Qe3+ 35. Kf1 Nf4 36. Re1 Qd3+ 37. Re2 fxe2+ 38.
Ke1 Qe3 39. Nxe2 Qxe2# {White checkmated} 0-1

[Event "GambitGuide"]
[Site "Internet Chess Club"]
[Date "2014.10.31"]
[Round "1"]
[White "JSBach"]
[Black "Alturia7"]
[Result "0-1"]
[ICCResult "White checkmated"]
[WhiteElo "1651"]
[BlackElo "2384"]
[Opening "Vienna: `Frankenstein-Dracula' variation"]
[ECO "C27"]
[NIC "VG.02"]
[Time "21:47:58"]
[TimeControl "120+12"]

1. e4 e5 2. Nc3 Nf6 3. Bc4 Nxe4 4. Qh5 Nd6 5. Bb3 Nc6 6. Nb5 g6 7. Qf3 f5 8.
Qd5 Qe7 9. Nxc7+ Kd8 10. Nxa8 b6 11. d3 e4 12. dxe4 Bb7 13. e5 Nxe5 14. Bg5
Nf3+ 15. Kf1 Nxg5 16. Qd4 Bg7 17. Qa4 Nge4 18. Rd1 Re8 19. Ne2 Nc5 20. Qh4
Qxh4 21. Rxd6 Bxg2+ 22. Kxg2 Qe4+ 23. Kg1 Qxe2 24. Bd5 Qg4+ 25. Kf1 Qd1+ 26.
Kg2 Qg4+ 27. Kf1 Bd4 28. c3 Qe2+ 29. Kg2 Qxf2+ 30. Kh3 Re3+ 31. Bf3 Rxf3#
{White checkmated}
0-1

[Event "GambitGuide"]
[Site "Internet Chess Club"]
[Date "2014.10.31"]
[Round "1"]
[White "JSBach"]
[Black "SlippinAway"]
[Result "1-0"]
[ICCResult "Black resigns"]
[WhiteElo "1651"]
[BlackElo "2064"]
[Opening "Vienna: `Frankenstein-Dracula' variation"]
[ECO "C27"]
[NIC "VG.02"]
[Time "21:47:42"]
[TimeControl "120+12"]

1. e4 e5 2. Nc3 Nf6 3. Bc4 Nxe4 4. Qh5 Nd6 5. Bb3 Nc6 6. Nb5 g6 7. Qf3 f5 8.
Qd5 Qe7 9. Nxc7+ Kd8 10. Nxa8 b6 11. d3 Bb7 12. Nxb6 axb6 13. Qf3 e4 14. Qe3
exd3 15. cxd3 Qxe3+ 16. Bxe3 Bg7 17. Bxb6+ Kc8 18. Ne2 Bxb2 19. Rb1 Bf6 20.
Bc5 Kc7 21. O-O Re8 22. Rfe1 Nc8 23. a4 Ba6 24. Bc2 Be7 25. Be3 Bd6 26. Bd2
Nb6 27. a5 Nd5 28. Rbc1 Bb4 29. Nf4 Nxf4 30. Bxf4+ Bd6 31. Bxd6+ Kxd6 32.
Rxe8 {Black resigns} 1-0

[Event "GambitGuide"]
[Site "Internet Chess Club"]
[Date "2014.10.31"]
[Round "1"]
[White "JSBach"]
[Black "SPARNALIQ"]
[Result "1-0"]
[ICCResult "Black checkmated"]
[WhiteElo "1651"]
[BlackElo "2808"]
[Opening "Vienna: `Frankenstein-Dracula' variation"]
[ECO "C27"]
[NIC "VG.02"]
[Time "21:47:22"]
[TimeControl "120+12"]

1. e4 e5 2. Nc3 Nf6 3. Bc4 Nxe4 4. Qh5 Nd6 5. Bb3 Nc6 6. Nb5 g6 7. Qf3 f5 8.
Qd5 Qe7 9. Nxc7+ Kd8 10. Nxa8 b6 11. d3 Bb7 12. Nxb6 axb6 13. Qf3 Kc7 14.
Be3 Nd4 15. Qh3 Bg7 16. Rc1 f4 17. Bd2 Re8 18. Qg4 h5 19. Qxg6 e4 20. Bxf4
exd3+ 21. Kf1 Be5 22. cxd3+ Kb8 23. Bg5 Qf8 24. Bh6 Qe7 25. Bg5 Qf8 26. Ba4
Bf4 27. Rc3 Bxg5 28. Qxg5 N6f5 29. Qf4+ Ka7 30. Ra3 b5 31. Bxb5+ Kb6 32. Bc4
Qb4 33. Rc3 Qxb2 34. Qc1 Qb4 35. a3 Qe7 36. Qd1 Qg5 37. Nf3 Bxf3 38. gxf3
Qf4 39. Qa4 Re1+ 40. Kxe1 Qe5+ 41. Kd1 Qe2+ 42. Kc1 Qc2+ 43. Rxc2 Nxc2 44.
Kxc2 Nd4+ 45. Kc3 Ne2+ 46. Kb4 Nd4 47. Qa6+ Kc7 48. Qa7+ Kd8 49. Qxd4 Kc7
50. Bb5 d6 51. Qa7+ Kc8 52. Rc1+ Kd8 53. Qd7# {Black checkmated} 1-0

[Event "GambitGuide"]
[Site "Internet Chess Club"]
[Date "2014.10.31"]
[Round "1"]
[White "JSBach"]
[Black "croder"]
[Result "1-0"]
[ICCResult "Black checkmated"]
[WhiteElo "1651"]
[BlackElo "1604"]
[Opening "Vienna: `Frankenstein-Dracula' variation"]
[ECO "C27"]
[NIC "VG.02"]
[Time "21:48:29"]
[TimeControl "120+12"]

1. e4 e5 2. Nc3 Nf6 3. Bc4 Nxe4 4. Qh5 Nd6 5. Bb3 Nc6 6. Nb5 g6 7. Qf3 f5 8.
Qd5 Qe7 9. Nxc7+ Kd8 10. Nxa8 b6 11. d3 Bb7 12. Nxb6 axb6 13. Qf3 Kc7 14. c3
Qf6 15. Bd5 Ne7 16. Bxb7 Nxb7 17. Be3 d5 18. Ne2 g5 19. d4 e4 20. Qh5 h6 21.
Qe8 Nd6 22. Qa8 Bg7 23. Qa7+ Nb7 24. Rd1 f4 25. Bd2 f3 26. gxf3 Qxf3 27. Ng3
Nf5 28. O-O Nxg3 29. fxg3 g4 30. Bf4+ Kc6 31. Qa4+ b5 32. Qa6+ Kd7 33. Qxb7+
Ke6 34. Qxg7 Re8 35. Qe5+ Kd7 36. Qd6+ Kc8 37. Qc7# {Black checkmated} 1-0

[Event "GambitGuide"]
[Site "Internet Chess Club"]
[Date "2014.10.31"]
[Round "1"]
[White "JSBach"]
[Black "littleplotkin"]
[Result "1-0"]
[ICCResult "Black checkmated"]
[WhiteElo "1651"]
[BlackElo "2224"]
[Opening "Vienna: `Frankenstein-Dracula' variation"]
[ECO "C27"]
[NIC "VG.02"]
[Time "21:48:31"]
[TimeControl "120+12"]

1. e4 e5 2. Nc3 Nf6 3. Bc4 Nxe4 4. Qh5 Nd6 5. Bb3 Nc6 6. Nb5 g6 7. Qf3 f5 8.
Qd5 Qe7 9. Nxc7+ Kd8 10. Nxa8 b6 11. d3 Nb4 12. Qf3 Bb7 13. Qe3 Bxa8 14. Qg5
e4 15. d4 Bg7 16. Qxe7+ Kxe7 17. Bd2 Nc6 18. c3 h6 19. Bf4 g5 20. Bd2 f4 21.
Rd1 Re8 22. a4 Kf8 23. d5 Ne5 24. Kf1 Nf5 25. Re1 Nd3 26. Rb1 d6 27. Bc4 Ne5
28. Bb5 Rc8 29. Rd1 Rc7 30. Ne2 Kf7 31. h4 Kg6 32. hxg5 hxg5 33. a5 bxa5 34.
Be1 Rc8 35. Ra1 Rc7 36. Be8+ Kf6 37. Rxa5 Bxd5 38. Rxd5 f3 39. gxf3 exf3 40.
Nd4 Nxd4 41. Rxd4 g4 42. Bh5 Kg5 43. Bd2+ Kf5 44. Bxg4+ Nxg4 45. Rh5+ Kg6
46. Rg5+ Kf6 47. Rdxg4 Bh6 48. Rg6+ Kf5 49. Bxh6 d5 50. R4g5+ Ke4 51. Re6+
Kd3 52. Rxd5+ Kc2 53. Bf4 Kb1 54. Bxc7 a5 55. b4 a4 56. Rf5 a3 57. Re1+ Kb2
58. Rxf3 a2 59. c4 a1=Q 60. Be5+ Ka2 61. Rxa1# {Black checkmated} 1-0

[Event "GambitGuide"]
[Site "Internet Chess Club"]
[Date "2014.10.31"]
[Round "1"]
[White "JSBach"]
[Black "SPARNALIQ"]
[Result "0-1"]
[ICCResult "White checkmated"]
[WhiteElo "1651"]
[BlackElo "2808"]
[Opening "Vienna: `Frankenstein-Dracula' variation"]
[ECO "C27"]
[NIC "VG.02"]
[Time "21:49:33"]
[TimeControl "120+12"]

1. e4 e5 2. Nc3 Nf6 3. Bc4 Nxe4 4. Qh5 Nd6 5. Bb3 Nc6 6. Nb5 g6 7. Qf3 f5 8.
Qd5 Qe7 9. Nxc7+ Kd8 10. Nxa8 b6 11. d3 Bb7 12. Nxb6 axb6 13. Qf3 Nd4 14.
Qh3 Bg7 15. Be3 Kc7 16. Rc1 Re8 17. Kf1 f4 18. Bxd4 exd4 19. Qxh7 Qg5 20. f3
Nf5 21. Kf2 Rh8 22. Nh3 Qf6 23. Qxh8 Bxh8 24. Nxf4 Ne3 25. Ne2 Nxg2 26. Nxd4
Qxd4+ 27. Kf1 Qe3 28. Bd5 Bxd5 29. c3 Qxf3+ 30. Kg1 Bf6 31. Rf1 Qe3+ 32. Rf2
Bh4 33. h3 Qxf2+ 34. Kh2 Nf4# {White checkmated} 0-1

[Event "GambitGuide"]
[Site "Internet Chess Club"]
[Date "2014.10.31"]
[Round "1"]
[White "JSBach"]
[Black "Alturia7"]
[Result "0-1"]
[ICCResult "White checkmated"]
[WhiteElo "1651"]
[BlackElo "2384"]
[Opening "Vienna: `Frankenstein-Dracula' variation"]
[ECO "C27"]
[NIC "VG.02"]
[Time "21:49:38"]
[TimeControl "120+12"]

1. e4 e5 2. Nc3 Nf6 3. Bc4 Nxe4 4. Qh5 Nd6 5. Bb3 Nc6 6. Nb5 g6 7. Qf3 f5 8.
Qd5 Qe7 9. Nxc7+ Kd8 10. Nxa8 b6 11. d3 e4 12. dxe4 Bb7 13. e5 Nxe5 14. Bg5
Nf3+ 15. Kf1 Nxg5 16. Qd4 Bg7 17. Qa4 Nge4 18. Rd1 Re8 19. Ne2 Nc5 20. Qh4
Qxh4 21. Rxd6 Qe4 22. Rxd7+ Kxd7 23. Nxb6+ axb6 24. Bc4 Qxc4 25. h4 Qxe2+
26. Kg1 Qe1+ 27. Kh2 Be5+ 28. f4 Bxf4+ 29. g3 Qxg3# {White checkmated} 0-1

[Event "GambitGuide"]
[Site "Internet Chess Club"]
[Date "2014.10.31"]
[Round "1"]
[White "JSBach"]
[Black "SlippinAway"]
[Result "1-0"]
[ICCResult "Black resigns"]
[WhiteElo "1651"]
[BlackElo "2064"]
[Opening "Vienna: `Frankenstein-Dracula' variation"]
[ECO "C27"]
[NIC "VG.02"]
[Time "21:49:31"]
[TimeControl "120+12"]

1. e4 e5 2. Nc3 Nf6 3. Bc4 Nxe4 4. Qh5 Nd6 5. Bb3 Nc6 6. Nb5 g6 7. Qf3 f5 8.
Qd5 Qe7 9. Nxc7+ Kd8 10. Nxa8 b6 11. d3 Bb7 12. Nxb6 axb6 13. Qf3 e4 14.
dxe4 Qxe4+ 15. Qxe4 Nxe4 16. f3 Nc5 17. Bd5 Na5 18. Bxb7 Naxb7 19. Bg5+ Be7
20. Bxe7+ Kxe7 21. Kf2 d6 22. Re1+ Kd7 23. g3 Na4 24. b3 Nc3 25. a4 b5 26.
Ne2 Nxe2 27. Rxe2 bxa4 28. bxa4 Ra8 29. Ra1 Nc5 30. a5 Ra6 31. Re3 Nb7 32.
Rea3 Kc6 33. Ke3 Kb5 34. Rb1+ Kc6 35. Rc3+ Kd7 36. Rxb7+ {Black resigns} 1-0

[Event "GambitGuide"]
[Site "Internet Chess Club"]
[Date "2014.10.31"]
[Round "1"]
[White "JSBach"]
[Black "Alturia7"]
[Result "0-1"]
[ICCResult "White checkmated"]
[WhiteElo "1651"]
[BlackElo "2384"]
[Opening "Vienna: `Frankenstein-Dracula' variation"]
[ECO "C27"]
[NIC "VG.02"]
[Time "21:50:23"]
[TimeControl "120+12"]

1. e4 e5 2. Nc3 Nf6 3. Bc4 Nxe4 4. Qh5 Nd6 5. Bb3 Nc6 6. Nb5 g6 7. Qf3 f5 8.
Qd5 Qe7 9. Nxc7+ Kd8 10. Nxa8 b6 11. d3 e4 12. dxe4 Bb7 13. e5 Nxe5 14. Bg5
Nf3+ 15. Kf1 Nxg5 16. Qd4 Bg7 17. Qa4 Nge4 18. Rd1 Re8 19. Ne2 Nc5 20. Qh4
Qxh4 21. Rxd6 Qe4 22. Be6 Qxg2+ 23. Ke1 Qxh1+ 24. Kd2 Rxe6 25. Rxe6 dxe6 26.
Nxb6 axb6 27. c3 Bh6+ 28. f4 Qxh2 29. Ke1 Bf3 30. Nd4 Qg1+ 31. Kd2 Bxf4+ 32.
Kc2 Qd1# {White checkmated} 0-1

[Event "GambitGuide"]
[Site "Internet Chess Club"]
[Date "2014.10.31"]
[Round "1"]
[White "JSBach"]
[Black "justinchess"]
[Result "1-0"]
[ICCResult "Black checkmated"]
[WhiteElo "1651"]
[BlackElo "1815"]
[Opening "Vienna: `Frankenstein-Dracula' variation"]
[ECO "C27"]
[NIC "VG.02"]
[Time "15:19:36"]
[TimeControl "120+12"]

1. e4 e5 2. Nc3 Nf6 3. Bc4 Nxe4 4. Qh5 Nd6 5. Bb3 Nc6 6. Nb5 g6 7. Qf3 f5 8.
Qd5 Qe7 9. Nxc7+ Kd8 10. Nxa8 b6 11. d3 Bb7 12. Nxb6 axb6 13. Qf3 Nd4 14.
Qg3 f4 15. Qg4 Nxb3 16. axb3 Rg8 17. Ne2 h5 18. Qh3 g5 19. O-O Qf7 20. Re1
Be7 21. d4 g4 22. Qd3 e4 23. Qc3 f3 24. Nf4 h4 25. Qb4 g3 26. Qxb6+ Kc8 27.
fxg3 hxg3 28. Qc5+ Kb8 29. hxg3 Rxg3 30. Ra5 Qg7 31. Qa7+ Kc8 32. Rc5+ Bc6
33. Qa8+ Kc7 34. Nd5# {Black checkmated} 1-0